 Dungeon Crawl Stone Soup version 0.32-a0-818-gb728d0252e (webtiles) character file.

Game seed: 5392777241159057850

79365 pokeman the Sorcerer (level 15, 0/82 HPs)
             Began as a Deep Elf Hedge Wizard on Mar 22, 2024.
             Was a High Priest of Vehumet.
             Killed from afar by a lindwurm (30 damage)
             ... with a blast of flame
             ... on level 4 of the Lair of Beasts on Mar 23, 2024.
             The game lasted 01:12:30 (30954 turns).

pokeman the Sorcerer (Deep Elf Hedge Wizard)       Turns: 30954, Time: 01:12:31

Health: 0/82       AC: 17    Str:  7    XL:     15   Next: 20%
Magic:  12/43      EV: 11    Int: 27    God:    Vehumet [*****.]
Gold:   1892       SH: 10    Dex: 14    Spells: 26/58 levels left

rFire   . . .        a - staff of cold
rCold   + . .        L - +0 buckler
rNeg    . . .        w - +0 steam dragon scales
rPois   .            x - +2 hat
rElec   .            B - +1 cloak
rCorr   .            f - +2 pair of gloves
SInv    .            (no boots)
Will    +....        b - amulet of reflection
Stlth   ++           q - +4 ring of protection
HPRegen 0.33/turn    O - ring of flight
MPRegen 0.28/turn

%: reflection
@: flying
A: no striking features
a: Renounce Religion


You were on level 4 of the Lair of Beasts.
You worshipped Vehumet.
Vehumet was extremely pleased with you.
You visited 3 branches of the dungeon, and saw 20 of its levels.
You also visited: Ice Cave.

You collected 1892 gold pieces.

Inventory:

Missiles
 y - 5 throwing nets
Armour
 f - a +2 pair of gloves (worn)
 w - +0 steam dragon scales (worn)
 x - a +2 hat (worn)
 A - a scarf of repulsion
 B - a +1 cloak (worn)
 L - a +0 buckler (worn)
 V - a +2 leather armour of resistance
Magical Staves
 a - a staff of cold (weapon)
 v - a staff of air
Jewellery
 b - an amulet of reflection (around neck)
 e - an amulet of faith
 m - a ring of see invisible
 q - a +4 ring of protection (left hand)
 s - a ring of ice
 O - a ring of flight (right hand)
Wands
 n - a wand of polymorph (6)
 D - a wand of digging (7)
 E - a wand of mindburst (7)
 F - a wand of flame (8)
 J - a wand of iceblast (20)
Scrolls
 g - a scroll of fear
 h - 2 scrolls of revelation
 i - 10 scrolls of teleportation
 k - a scroll of immolation
 o - 2 scrolls of blinking
 p - a scroll of amnesia
 C - a scroll of enchant armour
 G - 2 scrolls of butterflies
 N - 2 scrolls of silence
 T - 2 scrolls of fog
Potions
 c - 6 potions of brilliance
 d - 3 potions of magic
 j - a potion of berserk rage
 l - 2 potions of lignification
 r - 5 potions of curing
 t - 3 potions of haste {unknown}
 u - 7 potions of mutation {unknown}
 K - 3 potions of heal wounds {unknown}
 P - 3 potions of attraction {unknown}
 Q - a potion of invisibility {unknown}
Miscellaneous
 z - a condenser vane
 M - a phantom mirror


   Skills:
 + Level 5.2 Fighting
 - Level 6.1 Armour
 - Level 3.0 Dodging
 - Level 3.0 Stealth
 - Level 6.0 Shields
 * Level 22.4 Spellcasting
 + Level 13.3 Conjurations
 - Level 1.1 Summonings
 - Level 2.0 Necromancy
 - Level 1.1 Translocations
 + Level 13.1 Ice Magic
 - Level 1.1 Air Magic
 - Level 1.0 Earth Magic
 - Level 1.0 Alchemy
 - Level 1.1 Evocations


You had 26 spell levels left.
You knew the following spells:

 Your Spells              Type           Power      Damage    Failure   Level
a - Magic Dart            Conj           100%       1d8       0%          1
b - Mephitic Cloud        Conj/Alch/Air  55%        N/A       1%          3
c - Call Imp              Summ           72%        N/A       1%          2
d - Blink                 Tloc           72%        N/A       1%          2
e - Hailstorm             Conj/Ice       100%       3d16      0%          3
f - Bombard               Conj/Erth      31%        9d6       4%          6
g - Dispel Undead         Necr           41%        3d16      8%          4
h - Iskenderun's Battles  Conj           80%        2d13      1%          5
i - Permafrost Eruption   Ice/Erth       40%        2x4d12    4%          6

Your spell library contained the following spells:

 Spells                   Type           Power      Damage    Failure   Level
 Yara's Violent Unravell  Hex/Alch       16%        3d8       11%         5
 Apportation              Tloc           72%        N/A       1%          1
 Slow                     Hex            100%       N/A       1%          1
 Summon Small Mammal      Summ           100%       N/A       1%          1
 Cigotuvi's Dreadful Rot  Necr/Alch/Air  74%        N/A       1%          2
 Lesser Beckoning         Tloc           72%        N/A       1%          2
 Scorch                   Fire           60%        2d7       1%          2
 Dazzling Flash           Conj/Hex       100%       N/A       1%          3
 Summon Ice Beast         Ice/Summ       80%        N/A       1%          3
 Volatile Blastmotes      Fire/Tloc      66%        2d15      1%          3
 Flame Wave               Conj/Fire      60%        2d14      1%          4
 Arcjolt                  Conj/Air       31%        1d41      1%          5
 Jinxbite                 Hex            60%        N/A       2%          2
 Call Canine Familiar     Summ           36%        N/A       3%          3
 Gell's Gravitas          Tloc           36%        N/A       3%          3
 Passwall                 Erth           35%        N/A       3%          3
 Teleport Other           Tloc           36%        N/A       3%          3
 Ignite Poison            Fire/Alch      32%        N/A       4%          4
 Sticky Flame             Fire/Alch      32%        2d7       4%          4
 Conjure Ball Lightning   Conj/Air       31%        3x3d10    4%          6
 Animate Dead             Necr           41%        N/A       8%          4
 Martyr's Knell           Necr/Summ      38%        N/A       10%         4
 Vhi's Electric Charge    Tloc/Air       72%        N/A       11%         4
 Summon Blazeheart Golem  Fire/Summ      33%        N/A       14%         4
 Sculpt Simulacrum        Ice/Alch       40%        N/A       16%         6
 Curse of Agony           Necr           41%        N/A       22%         5
 Borgnjor's Vile Clutch   Necr/Erth      19%        N/A       26%         5
 Alistair's Intoxication  Alch           23%        N/A       32%         5
 Silence                  Hex/Air        16%        N/A       36%         5
 Eringya's Noxious Bog    Alch           17%        4d6       41%         6
 Plasma Beam              Fire/Air       16%        2x1d28    45%         6
 Death Channel            Necr           20%        N/A       77%         6
 Summon Cactus Giant      Summ           18%        N/A       87%         6
 Discord                  Hex            15%        N/A       100%        8
 Disjunction              Tloc           18%        N/A       100%        8
 Ignition                 Fire           15%        3d6       100%        8


Dungeon Overview and Level Annotations

Branches:
Dungeon (15/15)            Temple (1/1) D:6            Lair (4/5) D:9
 Shoals (0/4) Lair:3        Snake (0/4) Lair:2          Orc (0/2) D:10
 Vaults (0/5) D:13         Depths (0/4) D:15          IceCv (visited)
  Slime: Lair:4-5

Altars:
Ashenzari
Cheibriados
Dithmenos
Elyvilon
Fedhas
Gozag
Hepliaklqana
Kikubaaqudgha
Makhleb
Nemelex Xobeh
Okawaru
Qazlal
Ru
Sif Muna
Trog
Uskayaw
Vehumet
Wu Jian
Xom
Yredelemnul
Zin
The Shining One
Ignis

Shops:
D:1 [   D:2 =   D:12 =


Message History

Found a scroll of identify, a polished dagger and 26 gold pieces.
Casting: Bombard (dangerous; 4% risk of failure)
Confirm with . or Enter, or press ? or * to list all spells.
Aiming: Bombard (dangerous; 4% risk of failure)
Press: ? - help, Shift-Dir - straight line, f/p - wyvern
Aim: a wyvern (lava, 74% to hit)
The iron shot hits the wyvern!!
The wyvern is severely wounded.
The blast sends you backwards.
Found 41 gold pieces.
Casting: Bombard (dangerous; 4% risk of failure)
Confirm with . or Enter, or press ? or * to list all spells.
Aiming: Bombard (dangerous; 4% risk of failure)
Press: ? - help, Shift-Dir - straight line, f/p - wyvern
Aim: a wyvern (lava, severely wounded, 74% to hit)
The iron shot hits the wyvern!!!
You kill the wyvern!
Vehumet accepts your kill.
You feel your power returning.
Casting: Bombard (dangerous; 4% risk of failure)
Confirm with . or Enter, or press ? or * to list all spells.
Aiming: Mephitic Cloud (safe; 1% risk of failure)
Press: ? - help, Shift-Dir - straight line, f - lindwurm
Aim: a lindwurm (black smoke, chance to affect: 58%)
The ball explodes into a vile cloud!
The stinking cloud engulfs the lindwurm. x2
You hear a bellow!
You hear a loud, deep croak!
The lindwurm is engulfed in noxious fumes.
The lindwurm appears confused.
The lindwurm bites the lindwurm!
The lindwurm claws the lindwurm. x2
Unknown command.
Unknown command.
Unknown command.
Unknown command.
The lindwurm is engulfed in noxious fumes. x2
Unknown command.
The lindwurm is engulfed in noxious fumes.
The lindwurm breathes flames at you. The blast of flame hits you!!
You die...

........#.#####.#######P.........
....[..##.#..###.#..P###.........
.......##......§§.....#..........
................§.......#.#......
............Y...§§§........#.....
...........YYY≈§§§§≈≈≈...........
..........FS≈≈≈§§§≈§≈≈≈≈.........
.Y.Y..#..YD≈≈≈≈§§≈§§§§§§≈..[.....
.>.Y.....Y≈≈§§≈§@≈§§§≈§§§§.......
.....Y.YYY≈§§≈≈≈..§§§≈§≈§§...#...
.....Y.§Y§≈§§§○k§##...§§§≈≈......
........Y≈≈§≈≈§k####.§≈§≈≈≈..P...
.........≈§≈≈.§#.$ .#..§≈≈≈......
........≈≈§§§§##k>k$ .≈≈≈≈§.....
.P.....≈≈§≈≈.# $):(# ≈§§≈≈.....
#.....≈≈≈≈.. .$$.# .≈§§§§.....
..≈≈≈≈≈. ###..§≈≈≈≈......


You could see a four-headed hydra, 3 elephants, 2 lindwurms, 2 yaks, a water
moccasin and a bullfrog.

Vanquished Creatures
  Jorgrun (D:12)
  A frost giant (IceCv)
  A very ugly thing (D:15)
  Nessos (D:13)
  Azrael (D:14)
  An ice dragon (D:13)
  A vault guard (D:13)
  Fannar (Lair:1)
  5 hydras
  4 centaur warriors
  An ogre mage (D:12)
  3 boulder beetles
  2 two-headed ogres
  An occultist (D:15)
  13 death yaks
  6 skeletal warriors
  Lodul (D:12)
  A skyshark (Lair:3)
  Pikel (D:8)
  3 deep elf pyromancers
  2 orc knights
  2 harpies (Lair:3)
  6 manticores
  3 cyclopes (D:12)
  9 ugly things
  4 black mambas
  13 slime creatures
  2 elephants (Lair:4)
  An ice statue (IceCv)
  A smoke demon (D:13)
  3 gargoyles
  2 cane toads (Lair:2)
  A torpor snail (Lair:1)
  2 unseen horrors (D:12)
  Maggie (D:8)
  A cane toad (shapeshifter) (D:13)
  2 kobold demonologists (D:12)
  2 freezing wraiths
  4 rime drakes
  A tengu conjurer (D:15)
  11 komodo dragons
  A yaktaur (D:12)
  7 trolls
  11 polar bears
  11 blink frogs
  Sigmund (D:2)
  3 shadows
  A vampire (D:11)
  5 wyverns
  A basilisk (shapeshifter) (D:15)
  5 fire elementals (D:14)
  54 yaks
  4 wraiths
  5 basilisks
  A steam dragon (D:6)
  4 vampire mosquitoes
  An acid dragon (D:12)
  2 hell hounds (D:14)
  22 water moccasins
  4 orc warriors
  An ice beast (shapeshifter) (D:13)
  An ice beast (D:7)
  3 sky beasts
  2 black bears
  19 wolves
  12 ogres
  7 centaurs
  3 lemures (D:8)
  11 bullfrogs
  5 gnoll sergeants
  3 scorpions
  13 wights
  A burial acolyte (D:5)
  14 killer bees
  5 howler monkeys
  4 electric eels
  2 jellies
  6 orc priests
  A gnoll bouda (D:9)
  9 hounds
  Natasha (thrice) (D:2)
  6 iguanas
  7 orc wizards
  Robin (D:2)
  18 gnolls
  6 adders
  2 white imps (D:6)
  6 ufetubi
  An adder zombie (D:5)
  3 ribbon worms
  4 dart slugs
  33 orcs
  4 bats
  7 endoplasms
  7 giant cockroaches
  9 hobgoblins
  2 jackals (D:3)
  3 kobolds
  2 quokkas (D:2)
  12 ball pythons
  A frilled lizard (D:1)
  13 goblins
  4 jackal zombies (D:5)
  7 rats
548 creatures vanquished.

Vanquished Creatures (collateral kills)
  3 yaks (D:12)
  A sleepcap (D:6)
  An endoplasm (D:2)
5 creatures vanquished.

Vanquished Creatures (others)
  A vampire mosquito (D:12)
  An electric eel (D:9)
  An ufetubus (D:5)
3 creatures vanquished.

Grand Total: 556 creatures vanquished

Notes
Turn   | Place    | Note
-------+----------+-------------------------------------------
     0 | D:1      | pokeman the Deep Elf Hedge Wizard began the quest for the
                  | Orb.
     0 | D:1      | Reached XP level 1. HP: 10/10 MP: 7/7
   183 | D:1      | Reached XP level 2. HP: 16/16 MP: 1/9
   404 | D:1      | Found a faded altar of an unknown god.
   580 | D:1      | Found Voseunir's Armour Boutique.
   947 | D:1      | Reached skill level 5 in Spellcasting
  1431 | D:2      | Reached XP level 3. HP: 17/20 MP: 3/11
  1435 | D:2      | Learned a level 3 spell: Mephitic Cloud
  1438 | D:2      | Learned a level 2 spell: Call Imp
  1441 | D:2      | Learned a level 2 spell: Blink
  1445 | D:2      | Learned a level 3 spell: Hailstorm
  1525 | D:2      | Noticed Natasha
  1533 | D:2      | Killed Natasha
  1534 | D:2      | Reached skill level 1 in Fighting
  1534 | D:2      | Reached skill level 1 in Armour
  1588 | D:2      | Found Yvved's Jewellery Emporium.
  1724 | D:2      | Found a sparkling altar of Nemelex Xobeh.
  1792 | D:2      | Reached XP level 4. HP: 25/25 MP: 3/13
  1865 | D:2      | Noticed Sigmund
  1884 | D:2      | Killed Sigmund
  1885 | D:2      | Reached skill level 7 in Spellcasting
  1885 | D:2      | Reached XP level 5. HP: 29/29 MP: 10/17
  1924 | D:2      | Noticed Natasha
  1935 | D:2      | Killed Natasha
  1936 | D:2      | Reached skill level 8 in Spellcasting
  1936 | D:2      | Reached XP level 6. HP: 27/34 MP: 7/19
  2200 | D:2      | Noticed Natasha
  2209 | D:2      | Killed Natasha
  2447 | D:2      | Noticed Robin
  2475 | D:2      | Killed Robin
  3544 | D:4      | Noticed a sky beast
  3554 | D:4      | Reached skill level 1 in Alchemy
  3598 | D:4      | Killed a sky beast
  3599 | D:4      | Reached skill level 1 in Ice Magic
  3599 | D:4      | Reached skill level 1 in Air Magic
  3599 | D:4      | Reached skill level 1 in Evocations
  3599 | D:4      | Reached XP level 7. HP: 18/38 MP: 2/21
  3765 | D:4      | Reached skill level 9 in Spellcasting
  3955 | D:4      | You fall into a shaft and drop 2 floors!
  3955 | D:6      | Found a staircase to the Ecumenical Temple.
  3961 | Temple   | Entered the Ecumenical Temple
  4103 | D:6      | Found a shimmering blue altar of Sif Muna.
  4137 | D:6      | Found a radiant altar of Vehumet.
  4142 | D:6      | Became a worshipper of Vehumet
  4452 | D:6      | Noticed a steam dragon
  4482 | D:6      | Killed a steam dragon
  4516 | D:5      | Entered Level 5 of the Dungeon
  4548 | D:5      | Reached XP level 8. HP: 30/44 MP: 21/23
  4568 | D:5      | Reached skill level 10 in Spellcasting
  5327 | D:5      | Found a basalt altar of Yredelemnul.
  5521 | D:5      | Found a snail-covered altar of Cheibriados.
  5695 | D:5      | Reached * piety under Vehumet
  5695 | D:5      | Offered knowledge of Shock by Vehumet.
  5762 | D:5      | Found an ancient bone altar of Kikubaaqudgha.
  6086 | D:6      | Found a hazy altar of Hepliaklqana.
  6279 | D:6      | Reached skill level 11 in Spellcasting
  6279 | D:6      | Reached skill level 5 in Conjurations
  6850 | D:7      | Reached XP level 9. HP: 50/50 MP: 19/26
  7380 | D:7      | Identified the amulet "Feonaut" {Acrobat +Blink rF- Will+
                  | Int+3}
  7649 | D:7      | Reached skill level 12 in Spellcasting
  7649 | D:7      | Reached skill level 5 in Ice Magic
  8145 | D:8      | Noticed Maggie
  8157 | D:8      | Noticed a deep elf pyromancer
  8163 | D:8      | Killed Maggie
  8509 | D:8      | Killed a deep elf pyromancer
  8510 | D:8      | Reached skill level 13 in Spellcasting
  8650 | D:8      | Reached XP level 10. HP: 51/56 MP: 18/29
  8783 | D:8      | Noticed Pikel
  8792 | D:8      | Killed Pikel
  8793 | D:8      | Reached skill level 1 in Necromancy
  8854 | D:8      | Identified the +1 leather armour of the Meadowlark {rElec
                  | Str-4 Int-2 Dex+5}
  9318 | D:8      | Found a sparkling altar of Nemelex Xobeh.
  9349 | D:8      | Found a shadowy altar of Dithmenos.
  9427 | D:9      | Reached ** piety under Vehumet
  9428 | D:9      | Offered knowledge of Static Discharge by Vehumet.
  9802 | D:9      | Learned a level 6 spell: Bombard
  9835 | D:9      | Reached skill level 14 in Spellcasting
  9842 | D:9      | Reached skill level 1 in Earth Magic
  9854 | D:9      | Offered knowledge of Frozen Ramparts by Vehumet.
 10018 | D:9      | Found a staircase to the Lair.
 10063 | D:9      | Learned a level 4 spell: Dispel Undead
 10618 | Lair:1   | Entered Level 1 of the Lair of Beasts
 10622 | Lair:1   | Reached *** piety under Vehumet
 10743 | D:10     | Entered Level 10 of the Dungeon
 10856 | D:10     | Found an opulent altar of Gozag.
 10987 | D:10     | Noticed a two-headed ogre
 10989 | D:10     | Found a sacrificial altar of Ru.
 10993 | D:10     | Killed a two-headed ogre
 10994 | D:10     | Reached XP level 11. HP: 61/61 MP: 19/31
 11264 | D:10     | Reached skill level 15 in Spellcasting
 11341 | D:10     | Found a staircase to the Orcish Mines.
 11397 | D:10     | Reached skill level 1 in Shields
 11813 | D:11     | Offered knowledge of Fulminant Prism by Vehumet.
 12090 | D:11     | Found a shimmering altar of Xom.
 12679 | D:12     | Noticed a cyan ugly thing
 12686 | D:12     | Killed a cyan ugly thing
 12811 | D:12     | Reached skill level 16 in Spellcasting
 12820 | D:12     | Noticed a skeletal warrior
 12822 | D:12     | Upgraded the game from 0.32-a0-814-g0968bab981 to
                  | 0.32-a0-818-gb728d0252e
 12822 | D:12     | Reached **** piety under Vehumet
 13024 | D:12     | Noticed a centaur warrior
 13044 | D:12     | Offered knowledge of Irradiate by Vehumet.
 13241 | D:12     | Noticed a deep elf pyromancer
 13246 | D:12     | Noticed an ogre mage
 13247 | D:12     | Killed a deep elf pyromancer
 13249 | D:12     | Killed an ogre mage
 13416 | D:12     | Reached XP level 12. HP: 66/66 MP: 6/34
 13676 | D:12     | Killed a centaur warrior
 13677 | D:12     | Reached skill level 17 in Spellcasting
 14031 | D:12     | Noticed Lodul
 14282 | D:12     | Noticed a boulder beetle
 14569 | D:12     | Killed a boulder beetle
 14570 | D:12     | Reached skill level 10 in Conjurations
 15118 | D:12     | Killed Lodul
 15404 | D:12     | Reached skill level 18 in Spellcasting
 15844 | D:12     | Reached skill level 10 in Ice Magic
 15866 | D:12     | Found Senues's Jewellery Emporium.
 16418 | D:12     | Reached skill level 5 in Fighting
 16671 | D:13     | Noticed a four-headed hydra
 16674 | D:13     | Killed a four-headed hydra
 16793 | D:13     | Found a frozen archway.
 16794 | D:13     | Noticed an ice dragon
 16811 | D:13     | Killed an ice dragon
 16925 | IceCv    | Entered an ice cave
 17038 | IceCv    | Reached XP level 13. HP: 72/72 MP: 29/37
 17148 | IceCv    | Reached ***** piety under Vehumet
 17186 | IceCv    | Offered knowledge of Iskenderun's Battlesphere by Vehumet.
 17592 | IceCv    | Reached skill level 19 in Spellcasting
 17853 | IceCv    | Reached skill level 5 in Armour
 19070 | IceCv    | Noticed a frost giant
 19075 | IceCv    | Killed a frost giant
 20085 | D:13     | Noticed Nessos
 20395 | D:13     | Killed Nessos
 20398 | D:13     | Reached skill level 20 in Spellcasting
 20402 | D:13     | Reached skill level 5 in Shields
 20573 | D:13     | Noticed Jorgrun
 20588 | D:12     | Killed Jorgrun
 21417 | D:13     | Reached XP level 14. HP: 78/78 MP: 24/40
 21531 | D:13     | Found a gate to the Vaults.
 21845 | D:13     | Found a burning altar of Makhleb.
 23159 | D:14     | Noticed Azrael
 23742 | D:14     | Killed Azrael
 24112 | D:14     | Learned a level 5 spell: Iskenderun's Battlesphere
 24212 | D:14     | Identified the +0 ring mail "Leria" {Str+4 Dex-5}
 24268 | D:14     | Found a broken altar of Ashenzari.
 24634 | D:15     | Entered Level 15 of the Dungeon
 24661 | D:15     | Reached skill level 21 in Spellcasting
 24914 | D:15     | Found a staircase to the Depths.
 24923 | D:15     | Noticed a green very ugly thing
 25070 | D:15     | Killed a green very ugly thing
 26451 | Lair:1   | Noticed Fannar
 26463 | Lair:1   | Killed Fannar
 27695 | Lair:2   | Found a staircase to the Snake Pit.
 28682 | Lair:2   | Reached skill level 22 in Spellcasting
 28947 | Lair:2   | Reached XP level 15. HP: 82/82 MP: 21/43
 30076 | Lair:3   | Offered knowledge of Yara's Violent Unravelling by Vehumet.
 30141 | Lair:3   | Learned a level 6 spell: Permafrost Eruption
 30345 | Lair:3   | Found a staircase to the Shoals.
 30954 | Lair:4   | Killed from afar by a lindwurm

Illustrated notes

Levels and vault maps discovered:
D:1:      lightli_arrival_boilingwater, layout_basic, serial_shops,
          nicolae_shop_tiny_statue_garden,
          shapermc_ecumenical_altar_mp_ritualfount, kennysheep_nondescript
D:2:      layout_loops_ring, basic_altar, serial_shops, shop, minmay_surrounded,
          uniq_sigmund, uniq_robin, uniq_natasha
D:3:      layout_rooms, minmay_misc_feat_tiny
D:4:      layout_loops_ring, minmay_increasing_density
D:5:      layout_gridville, lemuel_tele_altar,
          lemuel_zombie_altar_kikubaaqudgha, mainiacjoe_overflow_cross_hatched,
          hangedman_decor_points
D:6:      layout_basic, mainiacjoe_overflow_two_lobes,
          nicolae_hepliaklqana_hippocampus, minmay_temple_entry_statues_pillars,
          minmay_fractal_squares_diagonal_5
D:7:      layout_loops_ring
D:8:      layout_basic, mainiacjoe_overflow_concentric_impassable,
          nemelex_xobeh_ov_fountains_minmay, minmay_misc_feat_alley,
          uniq_maggie, uniq_pikel
D:9:      layout_grid_maze, erik_lair_island
D:10:     layout_roguey, mainiacjoe_overflow_boulevard,
          nicolae_gozag_seed_capital, orc_0_dummy
D:11:     layout_irregular_city, chequers_serial_rivers_small_3,
          xom_teletrap_fun
D:12:     minmay_the_grid_octo_tiled_octocenter_mashed
          [minmay_the_grid_octo_empty, minmay_the_grid_octo_focus,
          minmay_the_grid_octo_tetromino_candy, minmay_the_grid_octo_fan_narrow,
          minmay_the_grid_octo_prize_big_c, minmay_the_grid_square_5x5_inner_z,
          minmay_the_grid_square_5x5_three_small,
          minmay_the_grid_square_5x5_gyroscope, minmay_the_grid_square_5x5_v],
          layout_basic, serial_shops, nicolae_shop_competitors_out_of_business,
          chequers_hall_statues_y, uniq_lodul
D:13:     layout_basic, david_vaults_4,
          portal_ice_cave_entry_animals_and_master, demons_altar, uniq_nessos,
          uniq_jorgrun
D:14:     nicolae_cairo_tiling, layout_irregular_city, ashenzari_altar_1,
          uniq_azrael
D:15:     hangedman_depths_entry_try_elsewhere_first, layout_small_grid,
          minmay_misc_feat_nine_boxes
Temple:   pdpol_scorched_temple
Lair:1:   hellmonk_destroyed_diamonds, layout_regular_city, uniq_fannar
Lair:2:   layout_cave_pods, minmay_snake_entry_six_corridors
Lair:3:   layout_big_grid, nicolae_shoals_entry_roost, grunt_megastairs_4,
          serial_bayou_shore_a
Lair:4:   layout_cave_shapes, minmay_slime_entry_oklob_enclosed,
          minmay_lindwurm_lava

Skill      XL: |  1  2  3  4  5  6  7  8  9 10 11 12 13 14 15 |
---------------+----------------------------------------------+-----
Spellcasting   | 5 7 8 9 11 13 14 16 18 20 22 | 22.4
Fighting       | 1 2 3 4 5 |  5.2
Armour         | 1 3 4 5 6 |  6.1
Conjurations   | 2 3 4 5 6 8 9 10 11 13 | 13.3
Stealth        | 3 |  3.0
Dodging        | 3 |  3.0
Alchemy        | 1 |  1.0
Ice Magic      | 1 2 4 6 7 8 10 11 12 13 | 13.1
Air Magic      | 1 |  1.1
Evocations     | 1 |  1.1
Necromancy     | 2 |  2.0
Earth Magic    | 1 |  1.0
Shields        | 3 4 5 6 |  6.0
Summonings     | |  1.1
Translocations | |  1.1

Action                     |  1- 3 |  4- 6 |  7- 9 | 10-12 | 13-15 || total
---------------------------+-------+-------+-------+-------+-------++-------
  Melee: Dagger            |       |    82 |    60 |       |       ||   142
         Staff             |       |       |    38 |    89 |    66 ||   193
   Cast: Magic Dart        |    98 |   121 |   120 |    75 |    69 ||   483
         Call Imp          |     1 |     1 |     7 |     2 |     4 ||    15
         Mephitic Cloud    |       |    10 |    13 |    58 |    39 ||   120
         Hailstorm         |       |       |    69 |   145 |    59 ||   273
         Blink             |       |       |     1 |     6 |     7 ||    14
         Bombard           |       |       |       |    79 |   305 ||   384
         Dispel Undead     |       |       |       |     6 |    14 ||    20
         Iskenderun's Batt |       |       |       |       |    18 ||    18
         Permafrost Erupti |       |       |       |       |    12 ||    12
  Evoke: Wand              |       |       |     1 |    15 |     6 ||    22
    Use: Potion            |       |     2 |       |       |     2 ||     4
         Scroll            |       |       |       |    11 |    11 ||    22
   Stab: Confused          |       |     8 |     8 |    10 |     6 ||    32
         Distracted        |       |       |     1 |       |       ||     1
         Sleeping          |       |       |     1 |       |       ||     1
 Armour: Robe              |    10 |    61 |    32 |       |       ||   103
         Steam dragon scal |       |       |   110 |   108 |   167 ||   385
  Dodge: Dodged            |     9 |    74 |   147 |   114 |    91 ||   435
  Block: Other             |       |       |    19 |    37 |    18 ||    74
         Reflection        |       |       |       |     2 |     8 ||    10
         Buckler           |       |       |       |       |    60 ||    60

Table legend: (Time is in decaauts)
 A = Elapsed time spent in this place.
 B = Non-inter-level travel time spent in this place.
 C = Inter-level travel time spent in this place.
 D = Time resting spent in this place.
 E = Time spent auto-exploring this place.
 F = Levels seen in this place.
 G = Mean time per level.
                   A        B        C        D        E       F      G
               +--------+--------+--------+--------+--------+-----+--------+
         Total |  31061 |  29451 |   1610 |   3964 |  21216 |  21 | 1479.1 |
       Dungeon |  23328 |  21804 |   1524 |   3150 |  15563 |  15 | 1555.2 |
        Temple |     52 |     47 |      5 |      0 |      0 |   1 |   52.0 |
          Lair |   4651 |   4571 |     80 |    116 |   3912 |   4 | 1162.8 |
      Ice Cave |   3028 |   3028 |      0 |    698 |   1741 |   1 | 3028.0 |
               +--------+--------+--------+--------+--------+-----+--------+

Top non-repeatable levels by time:
    D:12: 3335 daAuts
   IceCv: 3028 daAuts
    D:11: 2603 daAuts
    D:14: 2104 daAuts
    D:13: 1700 daAuts
  Lair:2: 1699 daAuts
     D:6: 1663 daAuts
    D:15: 1557 daAuts
     D:2: 1542 daAuts
     D:9: 1371 daAuts
  Lair:1: 1351 daAuts
     D:1: 1337 daAuts
  Lair:3: 1329 daAuts
     D:8: 1261 daAuts
     D:7: 1245 daAuts
